 Dungeon Crawl Stone Soup version 0.32-a0-560-g4c7f4391e0 (webtiles) character file.

Game seed: 13160265879536591789

186 BeKind the Sneak (level 5, -17/32 HPs)
             Began as an Octopode Air Elementalist on Feb 29, 2024.
             Was an Initiate of Gozag.
             Demolished by an ogre
             ... wielding a +0 giant club
              (27 damage)
             ... on level 4 of the Dungeon.
             The game lasted 00:04:25 (3512 turns).

BeKind the Sneak (Octopode Air Elementalist)        Turns: 3512, Time: 00:04:26

Health: -17/32     AC:  1    Str:  7    XL:     5   Next: 65%
Magic:  7/9        EV: 14    Int: 18    God:    Gozag
Gold:   106        SH:  0    Dex: 14    Spells: 9/10 levels left

rFire   + . .        m - staff of fire
rCold   . . .        (no shield)
rNeg    . . .        (helmet restricted)
rPois   .            (no amulet)
rElec   .            (no ring)
rCorr   .            (no ring)
SInv    .            (no ring)
Will    .....        (no ring)
Stlth   ++++         (no ring)
HPRegen 0.25/turn    (no ring)
MPRegen 0.11/turn    (no ring)
                     (no ring)

%: no passive effects
@: no status effects
A: almost no armour, amphibious, 8 rings, camouflage 1, gelatinous body 1,
(nimble swimmer 1), tentacles
a: Renounce Religion, Potion Petition, Call Merchant, Bribe Branch


You were on level 4 of the Dungeon.
You worshipped Gozag.
Gozag was aware of your devotion.
You visited 1 branch of the dungeon, and saw 4 of its levels.

You collected 141 gold pieces.
You paid 35 gold pieces to Gozag.

Inventory:

Hand Weapons
 b - a +0 whip of venom
Magical Staves
 m - a staff of fire (weapon)
Scrolls
 d - 2 scrolls of identify {unknown}
 e - a scroll of brand weapon {unknown}
 g - a scroll of amnesia {unknown}
 h - a scroll of noise {unknown}
 i - 2 scrolls of teleportation {unknown}
 l - a scroll of immolation {unknown}
 n - a scroll of fog {unknown}
Potions
 a - a potion of magic
 c - a potion of resistance {unknown}
 f - a potion of lignification {unknown}
 k - 2 potions of curing {unknown}


   Skills:
 + Level 0.3 Fighting
 + Level 3.3 Dodging
 - Level 4.0 Stealth
 + Level 3.1 Spellcasting
 * Level 1.4 Conjurations
 + Level 4.0 Air Magic


You had 9 spell levels left.
You knew the following spells:

 Your Spells              Type           Power      Damage    Failure   Level
a - Shock                 Conj/Air       48%        1d6       5%          1

Your spell library contained the following spells:

 Spells                   Type           Power      Damage    Failure   Level
 Static Discharge         Conj/Air       24%        3-4/arc   8%          2
 Swiftness                Air            17%        N/A       10%         3
 Necrotise                Necr           8%         1d4       16%         1
 Airstrike                Air            8%         2d(2-18)  30%         4
 Stone Arrow              Conj/Erth      10%        3d7       36%         3
 Vampiric Draining        Necr           2%         2d6       43%         3
 Martyr's Knell           Necr/Summ      2%         N/A       85%         4
 Curse of Agony           Necr           2%         N/A       99%         5
 Lehudib's Crystal Spear  Conj/Erth      2%         10d2      100%        8
 Animate Armour           Summ/Erth      Unusable   N/A       N/A         4

Dungeon Overview and Level Annotations

Branches:
Dungeon (4/15)
 Temple: D:4-7

Altars:
Gozag

Shops:
D:4 *

Annotations:
D:4 Ijyb


Innate Abilities, Weirdness & Mutations

You cannot wear most types of armour.
You are amphibious.
You can wear up to eight rings at the same time.
Your skin changes colour to match your surroundings (Stealth+).
Your rubbery body absorbs attacks. (AC +1, EV +1)
((You are camouflaged when in or above water. (Stealth+)))
You have tentacles for arms and can constrict up to eight enemies at once.


Message History

Press: ? - help, Shift-Dir - straight line, f - ogre
Aim: an ogre, wielding a +0 giant club (85% to hit)
The zap hits the ogre.
The ogre is lightly wounded.
Casting: Shock (safe; 5% risk of failure)
Confirm with . or Enter, or press ? or * to list all spells.
Aiming: Shock (safe; 5% risk of failure)
Press: ? - help, Shift-Dir - straight line, f/p - ogre
Aim: an ogre, wielding a +0 giant club (lightly wounded, 85% to hit)
The zap hits the ogre.
The ogre is moderately wounded.
Casting: Shock (safe; 5% risk of failure)
Confirm with . or Enter, or press ? or * to list all spells.
Aiming: Shock (safe; 5% risk of failure)
Press: ? - help, Shift-Dir - straight line, f/p - ogre
Aim: an ogre, wielding a +0 giant club (moderately wounded, 85% to hit)
The zap hits the ogre.
The ogre is moderately wounded.
It was a potion of cancellation.
You feel magically purged. The ogre closely misses you.
The ogre barely misses you.
You hit the ogre but do no damage.
The ogre is moderately wounded.
The ogre closely misses you.
You hit the ogre. You squeeze the ogre!
The ogre is severely wounded.
You closely miss the ogre.
The ogre is severely wounded.
The ogre hits you with a +0 giant club!!
Ouch! That really hurt!
* * * LOW HITPOINT WARNING * * *
You hit the ogre but do no damage.
The ogre is severely wounded.
The ogre barely misses you.
You hit the ogre.
The ogre is severely wounded.
The ogre hits you with a +0 giant club!!
Ouch! That really hurt!
You die...
Your body crumbles into a pile of gold.

###...#.######
#.. #
###.##......#
#<. ##..
#.####.# ...
...# #.#
######### #.#
#.# #.#
#.#######
#@O......
#########


You could see an ogre.

Vanquished Creatures
  A hound (D:4)
  An iguana (D:4)
  3 gnolls (D:3)
  2 adders
  5 dart slugs
  An orc (D:4)
  7 ball pythons
  5 bats
  8 endoplasms
  4 giant cockroaches
  10 hobgoblins
  8 kobolds
  3 quokkas
  4 frilled lizards
  4 goblins
  3 rats
69 creatures vanquished.

Notes
Turn   | Place    | Note
-------+----------+-------------------------------------------
     0 | D:1      | BeKind the Octopode Air Elementalist began the quest for
                  | the Orb.
     0 | D:1      | Reached XP level 1. HP: 11/11 MP: 3/3
   147 | D:1      | Reached XP level 2. HP: 17/17 MP: 0/5
   930 | D:1      | Reached XP level 3. HP: 21/21 MP: 3/6
  1911 | D:2      | Reached XP level 4. HP: 27/27 MP: 0/7
  2824 | D:4      | Reached XP level 5. HP: 31/31 MP: 2/9
  3357 | D:4      | Found an opulent altar of Gozag.
  3370 | D:4      | Became a worshipper of Gozag Ym Sagoz the Greedy
  3487 | D:4      | Noticed Ijyb
  3489 | D:4      | Found Kyph's Gadget Gallery.
  3502 | D:4      | Noticed an ogre
  3512 | D:4      | Demolished by an ogre

Illustrated notes

Levels and vault maps discovered:
D:1:      dpeg_arrival_rhombus, layout_basic
D:2:      layout_basic
D:3:      layout_basic
D:4:      layout_basic, grunt_gozag_statues, nicolae_shop_gadgets, uniq_ijyb

Skill      XL: |  1  2  3  4  5 |
---------------+----------------+-----
Stealth        | 3 4 |  4.0
Dodging        | 3 |  3.3
Spellcasting   | 3 |  3.1
Air Magic      | 4 |  4.0
Fighting       | |  0.3
Conjurations   | |  1.4

Action                     |  1- 3 |  4- 6 || total
---------------------------+-------+-------++-------
  Melee: Unarmed           |     2 |       ||     2
         Tentacles         |     2 |     3 ||     5
         Whip              |     5 |    13 ||    18
         Constrict         |     3 |     6 ||     9
         Staff             |       |     5 ||     5
   Cast: Shock             |    91 |    81 ||   172
    Use: Potion            |       |     2 ||     2
 Armour: Skin              |     4 |    12 ||    16
  Dodge: Dodged            |     5 |    20 ||    25

Table legend: (Time is in decaauts)
 A = Elapsed time spent in this place.
 B = Non-inter-level travel time spent in this place.
 C = Inter-level travel time spent in this place.
 D = Time resting spent in this place.
 E = Time spent auto-exploring this place.
 F = Levels seen in this place.
 G = Mean time per level.
                   A        B        C        D        E       F      G
               +--------+--------+--------+--------+--------+-----+--------+
         Total |   3512 |   3480 |     32 |      0 |   3129 |   4 |  878.0 |
       Dungeon |   3512 |   3480 |     32 |      0 |   3129 |   4 |  878.0 |
               +--------+--------+--------+--------+--------+-----+--------+

Top non-repeatable levels by time:
     D:1: 1158 daAuts
     D:2: 969 daAuts
     D:4: 697 daAuts
     D:3: 687 daAuts
